[ AOE2 MATCH · #463511124 ]
UnrankedDravidians vs Ethiopians
[ REPLAY ANALYSIS · EXTRACTED FROM THE RECORDED GAME ]
Feudal
10:17
Castle
14:52
Imperial
33:47
| APM avg | 37.5 |
| APM peak | 98 |
| eAPM avg | 25.9 |
| Villagers / military | 184 / 1485 |
Focus
⚔️ 68.8% · 🌾 31.2%
Spearman ×1084 · Militia ×293 · Bombard Cannon ×29 · Trade Cart ×26 · Urumi Swordsman ×24 · Elephant Archer ×22
Feudal
13:26
Castle
23:18
Imperial
44:12
| APM avg | 14.8 |
| APM peak | 82 |
| eAPM avg | 13.3 |
| Villagers / military | 163 / 546 |
Focus
⚔️ 36.6% · 🌾 63.4%
Mangonel ×400 · Trade Cart ×113 · Spearman ×103 · Scorpion ×23 · Battering Ram ×20
Feudal
16:34
Castle
23:39
Imperial
42:35
| APM avg | 13.8 |
| APM peak | 47 |
| eAPM avg | 8.6 |
| Villagers / military | 116 / 792 |
Focus
⚔️ 46.7% · 🌾 53.3%
Knight ×442 · Spearman ×185 · Coustillier ×122 · Trade Cart ×45 · Bombard Cannon ×38 · Scout Cavalry ×5
Feudal
10:11
Castle
25:21
Imperial
36:25
| APM avg | 44.1 |
| APM peak | 112 |
| eAPM avg | 32.0 |
| Villagers / military | 232 / 1217 |
Focus
⚔️ 43.4% · 🌾 56.6%
Scout Cavalry ×658 · Scorpion ×348 · Battle Elephant ×130 · Ballista Elephant ×47 · Battering Ram ×34 · Trade Cart ×29
Feudal
10:19
Castle
15:51
Imperial
33:24
| APM avg | 15.8 |
| APM peak | 45 |
| eAPM avg | 10.0 |
| Villagers / military | 176 / 704 |
Focus
⚔️ 30.5% · 🌾 69.5%
Scout Cavalry ×446 · Cavalry Archer ×125 · Janissary ×73 · Trade Cart ×59 · Bombard Cannon ×34 · Camel Scout ×23
Feudal
—
Castle
—
Imperial
—
| APM avg | 46.2 |
| APM peak | 99 |
| eAPM avg | 29.4 |
| Villagers / military | 176 / 2183 |
Focus
⚔️ 40.9% · 🌾 59.1%
Scout Cavalry ×1036 · Skirmisher ×536 · Spearman ×213 · Bombard Cannon ×120 · Leitis ×115 · Knight ×112
Feudal
12:31
Castle
16:36
Imperial
38:01
| APM avg | 30.0 |
| APM peak | 109 |
| eAPM avg | 24.5 |
| Villagers / military | 221 / 1567 |
Focus
⚔️ 33.1% · 🌾 66.9%
Spearman ×721 · Knight ×589 · Scout Cavalry ×138 · Trade Cart ×111 · Scorpion ×60 · Bombard Cannon ×48
Feudal
12:14
Castle
16:38
Imperial
38:43
| APM avg | 37.5 |
| APM peak | 85 |
| eAPM avg | 27.7 |
| Villagers / military | 89 / 1138 |
Focus
⚔️ 48.1% · 🌾 51.9%
Spearman ×323 · Scout Cavalry ×251 · Knight ×213 · Skirmisher ×183 · Trade Cart ×91 · Monk ×44
Match map
Initial resources + every placement click. Lines = walls · curves = elevation contours. ◆ gold · ⬟ stone · ● berries · ✦ relic · ◌ wall gap
Your base· Open — opponent sealed themselves in
mcaulfield's base· ✓ Closed at 23:18 · 0t walls · no gate
Bob Fett's base· ✓ Closed at 23:39 · 0t walls · no gate
Chrisfer's base· ✓ Closed at 25:21 · 0t walls · no gate
eljavism's base· Open — opponent sealed themselves in
BaCuRaL5167's base· ✓ Closed at 14:03 · 20t walls · 1 gate(s)
Forest_Gump's base· Open — opponent sealed themselves in
Matt's base· ✓ Closed at 16:38 · 0t walls · no gate
Smoothed initial terrain · ◌ = detected wall gap · hover for details
Inputs per minute
— WWOLOLO - - mcaulfield
Build order — WWOLOLO
First 150 of 1943 actions detected
| 0:05 | Build | House |
| 0:06 | Build | House |
| 0:09 | Build | House |
| 0:10 | Create | Villager (Male) |
| 0:10 | Create | Villager (Male) |
| 0:11 | Create | Villager (Male) |
| 0:11 | Create | Villager (Male) |
| 0:11 | Create | Villager (Male) |
| 1:56 | Create | Villager (Male) |
| 1:56 | Create | Villager (Male) |
| 2:03 | Build | Lumber Camp |
| 2:12 | Create | Villager (Male) |
| 2:42 | Create | Villager (Male) |
| 3:21 | Create | Villager (Male) |
| 3:51 | Create | Villager (Male) |
| 4:22 | Create | Villager (Male) |
| 4:42 | Create | Villager (Male) |
| 5:06 | Create | Villager (Male) |
| 5:07 | Create | Villager (Male) |
| 5:56 | Create | Villager (Male) |
| 5:56 | Create | Villager (Male) |
| 5:56 | Create | Villager (Male) |
| 6:24 | Create | Villager (Male) |
| 6:25 | Create | Villager (Male) |
| 7:00 | Create | Villager (Male) |
| 7:08 | Research | Loom |
| 7:18 | Build | Mill |
| 8:07 | Research | Feudal Age |
| 8:11 | Build | House |
| 8:12 | Build | House |
| 9:03 | Build | Mining Camp |
| 10:17 | Age | Feudal Age |
| 10:21 | Create | Villager (Male) |
| 10:21 | Create | Villager (Male) |
| 10:45 | Build | Blacksmith |
| 10:51 | Build | Market |
| 12:12 | Research | Castle Age |
| 12:47 | Research | Double-Bit Axe |
| 12:48 | Research | Double-Bit Axe |
| 14:20 | Research | Horse Collar |
| 14:48 | Create | Villager (Male) |
| 14:49 | Create | Villager (Male) |
| 14:49 | Create | Villager (Male) |
| 14:49 | Create | Villager (Male) |
| 14:52 | Age | Castle Age |
| 15:13 | Build | Town Center |
| 15:26 | Build | Farm |
| 15:30 | Create | Villager (Male) |
| 15:49 | Build | Monastery |
| 16:01 | Build | Farm |
| 16:14 | Build | House |
| 16:18 | Build | House |
| 16:22 | Create | Villager (Male) |
| 16:22 | Create | Villager (Male) |
| 16:23 | Create | Villager (Male) |
| 16:41 | Create | Monk |
| 16:45 | Create | Monk |
| 16:52 | Build | House |
| 16:53 | Build | House |
| 17:02 | Create | Villager (Male) |
| 17:36 | Build | House |
| 17:37 | Build | House |
| 18:05 | Build | House |
| 18:09 | Build | House |
| 18:13 | Build | Palisade Wall |
| 18:26 | Create | Villager (Male) |
| 18:26 | Create | Villager (Male) |
| 18:27 | Create | Villager (Male) |
| 18:33 | Create | Villager (Male) |
| 18:33 | Create | Villager (Male) |
| 18:33 | Create | Villager (Male) |
| 18:33 | Create | Villager (Male) |
| 19:02 | Build | House |
| 19:31 | Create | Monk |
| 19:45 | Build | Palisade Gate |
| 19:51 | Create | Villager (Male) |
| 19:51 | Create | Villager (Male) |
| 19:59 | Build | Farm |
| 20:00 | Build | Farm |
| 20:00 | Build | Farm |
| 20:00 | Build | Farm |
| 20:09 | Build | Farm |
| 20:10 | Build | Farm |
| 20:10 | Build | Farm |
| 20:10 | Build | Farm |
| 20:41 | Build | Farm |
| 20:42 | Build | Farm |
| 21:08 | Create | Villager (Male) |
| 21:08 | Create | Villager (Male) |
| 21:19 | Build | Farm |
| 21:23 | Create | Villager (Male) |
| 21:34 | Create | Villager (Male) |
| 21:45 | Create | Villager (Male) |
| 22:03 | Build | Farm |
| 22:10 | Build | Farm |
| 22:14 | Create | Villager (Male) |
| 22:14 | Create | Villager (Male) |
| 22:15 | Create | Villager (Male) |
| 22:23 | Build | Farm |
| 22:36 | Build | Farm |
| 22:47 | Build | Mining Camp |
| 22:56 | Create | Villager (Male) |
| 22:56 | Create | Villager (Male) |
| 22:56 | Create | Villager (Male) |
| 23:02 | Create | Villager (Male) |
| 23:02 | Create | Villager (Male) |
| 23:26 | Build | Farm |
| 23:29 | Research | Bow Saw |
| 23:53 | Build | Farm |
| 23:56 | Research | Heavy Plow |
| 23:59 | Create | Villager (Male) |
| 24:16 | Build | Farm |
| 24:16 | Build | Farm |
| 24:16 | Build | Farm |
| 24:16 | Build | Farm |
| 24:20 | Create | Villager (Male) |
| 24:20 | Create | Villager (Male) |
| 24:27 | Build | Farm |
| 24:30 | Create | Villager (Male) |
| 24:50 | Build | Siege Workshop |
| 24:58 | Build | Farm |
| 25:00 | Create | Villager (Male) |
| 25:02 | Research | Wheelbarrow |
| 25:08 | Build | Town Center |
| 25:17 | Create | Villager (Male) |
| 25:30 | Create | Villager (Male) |
| 25:36 | Build | Farm |
| 25:38 | Research | Gold Mining |
| 25:48 | Create | Villager (Male) |
| 25:48 | Create | Villager (Male) |
| 25:48 | Create | Villager (Male) |
| 25:48 | Create | Villager (Male) |
| 25:55 | Create | Villager (Male) |
| 26:16 | Build | Market |
| 26:22 | Create | Villager (Male) |
| 26:22 | Create | Villager (Male) |
| 26:26 | Create | Villager (Male) |
| 26:33 | Create | Armored Elephant |
| 27:02 | Create | Villager (Male) |
| 27:03 | Create | Villager (Male) |
| 27:09 | Create | Villager (Male) |
| 27:09 | Create | Villager (Male) |
| 27:14 | Build | Farm |
| 27:18 | Create | Villager (Male) |
| 27:18 | Create | Villager (Male) |
| 27:22 | Research | Stone Mining |
| 27:30 | Build | Barracks |
| 28:08 | Create | Villager (Male) |
| 28:09 | Create | Villager (Male) |
| 28:12 | Build | Farm |
Build order — mcaulfield
First 150 of 426 actions detected
| 0:15 | Build | House |
| 0:17 | Build | House |
| 0:19 | Build | House |
| 0:20 | Build | House |
| 0:26 | Research | Loom |
| 0:26 | Create | Villager (Male) |
| 0:27 | Create | Villager (Male) |
| 0:27 | Create | Villager (Male) |
| 0:27 | Create | Villager (Male) |
| 2:13 | Build | House |
| 2:46 | Create | Villager (Male) |
| 3:30 | Create | Villager (Male) |
| 3:47 | Build | Lumber Camp |
| 4:01 | Create | Villager (Male) |
| 4:36 | Create | Villager (Male) |
| 4:59 | Create | Villager (Male) |
| 5:16 | Create | Villager (Male) |
| 5:49 | Create | Villager (Male) |
| 6:04 | Create | Villager (Male) |
| 6:05 | Create | Villager (Male) |
| 6:20 | Build | Mill |
| 6:41 | Create | Villager (Male) |
| 6:56 | Build | House |
| 6:57 | Build | House |
| 6:58 | Build | House |
| 7:00 | Build | House |
| 7:31 | Create | Villager (Male) ×3 |
| 8:24 | Create | Villager (Male) |
| 8:50 | Create | Villager (Male) |
| 9:12 | Create | Villager (Male) |
| 9:48 | Create | Villager (Male) |
| 10:04 | Create | Villager (Male) |
| 10:29 | Create | Villager (Male) |
| 11:08 | Research | Feudal Age |
| 11:39 | Create | Villager (Male) ×3 |
| 13:26 | Age | Feudal Age |
| 13:28 | Build | Mining Camp |
| 13:36 | Build | Mining Camp |
| 13:39 | Research | Double-Bit Axe |
| 13:48 | Build | Market |
| 13:50 | Build | Market |
| 14:16 | Research | Wheelbarrow |
| 14:19 | Create | Villager (Male) ×5 |
| 14:27 | Build | Farm |
| 14:58 | Build | Barracks |
| 15:37 | Build | Farm |
| 15:45 | Build | Farm |
| 15:49 | Build | Farm |
| 15:52 | Build | Farm |
| 15:56 | Build | Farm |
| 16:05 | Build | Farm |
| 16:36 | Build | Blacksmith |
| 17:01 | Build | Lumber Camp |
| 17:17 | Build | Farm |
| 17:20 | Build | Farm |
| 17:39 | Create | Spearman ×5 |
| 17:55 | Create | Spearman ×5 |
| 18:06 | Build | Farm |
| 18:10 | Build | Farm |
| 18:14 | Build | Farm |
| 18:20 | Build | Farm |
| 18:45 | Build | House |
| 18:46 | Build | House |
| 18:58 | Create | Villager (Male) ×5 |
| 19:17 | Build | Archery Range |
| 19:19 | Build | Stable |
| 19:58 | Build | Farm |
| 20:08 | Build | House |
| 20:09 | Build | House |
| 20:10 | Build | House |
| 20:12 | Build | House |
| 20:13 | Build | House |
| 20:14 | Build | House |
| 20:23 | Build | Farm |
| 20:28 | Research | Castle Age |
| 20:42 | Build | Farm |
| 20:44 | Research | Horse Collar |
| 20:53 | Research | Gold Mining |
| 22:22 | Create | Villager (Male) ×5 |
| 22:56 | Research | Stone Mining |
| 23:11 | Build | House |
| 23:12 | Build | House |
| 23:14 | Build | House |
| 23:18 | Age | Castle Age |
| 23:20 | Build | House |
| 23:24 | Build | House |
| 23:29 | Research | Caravan |
| 23:36 | Create | Trade Cart ×4 |
| 24:19 | Build | Siege Workshop |
| 24:37 | Build | Town Center |
| 24:48 | Build | Town Center |
| 25:03 | Create | Villager (Male) ×5 |
| 25:28 | Research | Bow Saw |
| 26:14 | Build | University |
| 26:37 | Create | Villager (Male) ×5 |
| 26:37 | Create | Villager (Male) ×5 |
| 26:37 | Create | Villager (Male) ×5 |
| 26:40 | Create | Villager (Male) ×5 |
| 27:05 | Build | Town Center |
| 27:22 | Research | Heavy Plow |
| 27:36 | Build | House |
| 27:37 | Build | House |
| 27:39 | Build | House |
| 27:40 | Build | House |
| 28:00 | Build | Siege Workshop |
| 28:11 | Research | Pikeman (upgrade) |
| 28:13 | Create | Spearman ×4 |
| 28:13 | Create | Spearman ×4 |
| 28:27 | Build | Farm |
| 28:40 | Build | Farm |
| 28:58 | Create | Villager (Male) ×5 |
| 28:59 | Create | Villager (Male) ×2 |
| 29:29 | Build | Farm |
| 29:39 | Build | Farm |
| 29:43 | Build | Farm |
| 30:27 | Build | Town Center |
| 30:59 | Build | Town Center |
| 31:06 | Build | Town Center |
| 31:20 | Build | House |
| 31:22 | Build | House |
| 31:24 | Build | House |
| 31:25 | Build | House |
| 31:27 | Build | House |
| 31:28 | Build | House |
| 31:29 | Build | House |
| 31:37 | Research | Hand Cart |
| 31:40 | Create | Villager (Male) ×5 |
| 31:40 | Create | Villager (Male) ×5 |
| 31:40 | Create | Villager (Male) ×4 |
| 31:41 | Create | Villager (Male) |
| 32:21 | Build | Farm |
| 33:07 | Build | Farm |
| 33:10 | Build | Farm |
| 33:16 | Create | Villager (Male) ×5 |
| 33:17 | Create | Villager (Male) ×5 |
| 33:17 | Create | Villager (Male) ×2 |
| 33:26 | Create | Trade Cart ×5 |
| 33:26 | Create | Trade Cart ×5 |
| 33:26 | Create | Trade Cart ×5 |
| 33:46 | Build | Castle |
| 33:58 | Research | Ballistics |
| 34:00 | Research | Treadmill Crane |
| 34:03 | Research | Murder Holes |
| 34:27 | Research | Masonry |
| 34:47 | Build | Lumber Camp |
| 35:06 | Build | Farm |
| 35:10 | Build | Farm |
| 35:13 | Build | Farm |
| 35:20 | Research | Town Watch |
| 35:23 | Create | Villager (Male) ×5 |
Build order — Bob Fett
First 150 of 525 actions detected
| 0:22 | Build | House |
| 0:23 | Build | House |
| 0:27 | Build | House |
| 0:28 | Build | House |
| 0:32 | Create | Villager (Male) ×4 |
| 0:33 | Create | Villager (Male) ×4 |
| 1:49 | Create | Villager (Male) |
| 2:42 | Build | Lumber Camp |
| 2:49 | Create | Villager (Male) |
| 2:50 | Create | Villager (Male) |
| 2:50 | Create | Villager (Male) |
| 3:40 | Create | Villager (Male) |
| 3:41 | Create | Villager (Male) |
| 4:03 | Create | Villager (Male) |
| 4:48 | Create | Villager (Male) |
| 4:52 | Create | Villager (Male) |
| 4:53 | Create | Villager (Male) |
| 5:56 | Create | Villager (Male) |
| 5:57 | Create | Villager (Male) |
| 5:58 | Create | Villager (Male) |
| 6:28 | Create | Villager (Male) |
| 8:05 | Build | Mill |
| 8:31 | Create | Villager (Male) |
| 8:32 | Create | Villager (Male) |
| 8:50 | Build | House |
| 9:17 | Research | Double-Bit Axe |
| 9:20 | Create | Villager (Male) |
| 9:21 | Create | Villager (Male) |
| 9:58 | Create | Villager (Male) |
| 10:19 | Build | House |
| 10:21 | Build | House |
| 10:34 | Create | Villager (Male) |
| 10:42 | Build | Mining Camp |
| 11:28 | Create | Villager (Male) |
| 11:28 | Create | Villager (Male) |
| 11:29 | Create | Villager (Male) |
| 11:42 | Research | Horse Collar |
| 12:36 | Create | Villager (Male) |
| 12:36 | Create | Villager (Male) |
| 13:20 | Build | House |
| 13:21 | Build | House |
| 13:22 | Build | House |
| 13:50 | Build | Farm |
| 14:03 | Build | Farm |
| 14:12 | Build | House |
| 14:13 | Build | House |
| 14:14 | Build | House |
| 14:24 | Research | Feudal Age |
| 14:25 | Create | Villager (Male) |
| 14:41 | Build | Farm |
| 15:05 | Build | Farm |
| 15:07 | Build | Farm |
| 15:09 | Build | Farm |
| 15:12 | Build | Farm |
| 15:18 | Build | Farm |
| 15:22 | Build | Farm |
| 15:31 | Build | Farm |
| 15:34 | Build | Farm |
| 15:38 | Build | Farm |
| 15:41 | Build | Farm |
| 15:51 | Build | House |
| 15:52 | Build | House |
| 15:53 | Build | House |
| 16:01 | Build | House |
| 16:34 | Age | Feudal Age |
| 16:59 | Build | Blacksmith |
| 17:05 | Build | Barracks |
| 17:13 | Create | Villager (Male) ×5 |
| 17:18 | Build | Farm |
| 17:24 | Research | Heavy Plow |
| 17:49 | Create | Villager (Male) |
| 18:17 | Build | Farm |
| 18:39 | Build | House |
| 18:40 | Build | House |
| 18:50 | Build | Farm |
| 18:53 | Create | Villager (Male) |
| 18:59 | Build | Farm |
| 19:17 | Create | Villager (Male) |
| 19:23 | Build | House |
| 19:30 | Build | Farm |
| 19:56 | Build | Stable |
| 20:01 | Build | Farm |
| 20:12 | Create | Villager (Male) |
| 20:24 | Build | Farm |
| 20:26 | Create | Villager (Male) |
| 20:44 | Build | Archery Range |
| 20:51 | Build | Farm |
| 20:58 | Research | Castle Age |
| 21:04 | Research | Bow Saw |
| 21:11 | Research | Gold Mining |
| 21:28 | Build | Market |
| 21:31 | Build | Market |
| 21:40 | Build | Market |
| 22:03 | Build | Farm |
| 23:39 | Age | Castle Age |
| 23:48 | Build | Town Center |
| 24:01 | Create | Villager (Male) ×5 |
| 24:01 | Create | Villager (Male) ×5 |
| 24:03 | Create | Villager (Male) ×5 |
| 25:10 | Create | Villager (Male) ×5 |
| 25:11 | Create | Villager (Male) ×5 |
| 25:11 | Create | Villager (Male) ×5 |
| 25:34 | Research | Two-Man Saw |
| 25:51 | Research | Stone Mining |
| 25:53 | Research | Gold Shaft Mining |
| 26:38 | Create | Villager (Male) |
| 26:38 | Create | Villager (Male) |
| 27:07 | Build | Town Center |
| 27:29 | Build | Mill |
| 27:31 | Build | Farm |
| 27:35 | Build | Farm |
| 27:46 | Research | Caravan |
| 27:49 | Create | Trade Cart ×3 |
| 28:01 | Research | Wheelbarrow |
| 28:09 | Create | Villager (Male) |
| 28:09 | Create | Villager (Male) |
| 28:10 | Create | Villager (Male) |
| 28:22 | Research | Scale Barding Armor |
| 28:24 | Research | Forging |
| 28:27 | Research | Husbandry |
| 28:58 | Research | Town Watch |
| 28:59 | Research | Loom |
| 29:06 | Create | Villager (Male) ×5 |
| 29:07 | Create | Villager (Male) ×5 |
| 29:11 | Create | Villager (Male) |
| 29:11 | Create | Villager (Male) |
| 29:29 | Research | Crop Rotation |
| 29:54 | Build | Monastery |
| 30:10 | Create | Villager (Male) |
| 30:10 | Create | Villager (Male) |
| 30:12 | Create | Villager (Male) |
| 30:31 | Build | Town Center |
| 30:56 | Build | Town Center |
| 31:13 | Research | Hand Cart |
| 31:14 | Research | Town Patrol |
| 31:17 | Create | Villager (Male) ×5 |
| 31:30 | Build | University |
| 31:40 | Research | Stone Shaft Mining |
| 31:54 | Create | Trade Cart |
| 32:38 | Create | Villager (Male) |
| 32:42 | Build | Farm |
| 32:57 | Research | Treadmill Crane |
| 33:06 | Research | Masonry |
| 33:11 | Build | Blacksmith |
| 33:17 | Research | Chain Barding Armor |
| 33:28 | Create | Trade Cart ×4 |
| 33:33 | Build | Farm |
| 33:35 | Build | Farm |
| 33:46 | Create | Villager (Male) |
| 33:47 | Create | Villager (Male) |
Build order — Chrisfer
First 150 of 961 actions detected
| 0:01 | Create | Villager (Male) |
| 0:02 | Create | Villager (Male) |
| 0:02 | Create | Villager (Male) |
| 0:02 | Create | Villager (Male) |
| 0:05 | Build | House |
| 0:08 | Build | House |
| 1:26 | Create | Villager (Male) |
| 2:08 | Create | Villager (Male) |
| 2:09 | Create | Villager (Male) |
| 2:38 | Create | Villager (Male) |
| 3:41 | Create | Villager (Male) |
| 3:41 | Create | Villager (Male) |
| 3:55 | Create | Villager (Male) |
| 3:55 | Create | Villager (Male) |
| 4:11 | Build | House |
| 4:23 | Create | Villager (Male) |
| 4:27 | Create | Villager (Male) |
| 4:56 | Create | Villager (Male) |
| 5:03 | Build | House |
| 5:20 | Build | Lumber Camp |
| 5:26 | Create | Villager (Male) |
| 5:53 | Create | Villager (Male) |
| 6:17 | Create | Villager (Male) |
| 6:18 | Create | Villager (Male) |
| 6:41 | Create | Villager (Male) |
| 6:49 | Create | Villager (Male) |
| 7:08 | Create | Villager (Male) |
| 7:25 | Build | Mill |
| 7:32 | Create | Villager (Male) |
| 7:41 | Create | Villager (Male) |
| 7:45 | Create | Villager (Male) |
| 7:50 | Create | Villager (Male) |
| 8:01 | Research | Feudal Age |
| 8:01 | Create | Villager (Male) |
| 8:06 | Build | House |
| 8:33 | Create | Villager (Male) |
| 8:53 | Create | Villager (Male) |
| 9:25 | Create | Villager (Male) |
| 9:42 | Create | Villager (Male) |
| 9:58 | Create | Villager (Male) |
| 10:11 | Age | Feudal Age |
| 10:15 | Build | Stable |
| 10:33 | Create | Villager (Male) |
| 10:45 | Research | Double-Bit Axe |
| 11:00 | Research | Bloodlines |
| 11:00 | Create | Scout Cavalry |
| 11:04 | Create | Villager (Male) |
| 11:11 | Build | House |
| 11:21 | Create | Scout Cavalry |
| 11:37 | Build | House |
| 11:46 | Build | Farm |
| 11:51 | Create | Villager (Male) |
| 11:58 | Create | Scout Cavalry |
| 12:05 | Research | Horse Collar |
| 12:15 | Build | Mining Camp |
| 12:35 | Create | Scout Cavalry |
| 12:47 | Build | Farm |
| 13:23 | Create | Scout Cavalry |
| 13:36 | Create | Villager (Male) |
| 13:43 | Build | Farm |
| 13:49 | Build | Farm |
| 13:51 | Build | Farm |
| 13:57 | Create | Scout Cavalry |
| 14:17 | Create | Villager (Male) |
| 14:18 | Create | Villager (Male) |
| 14:26 | Build | House |
| 14:30 | Build | House |
| 14:31 | Build | House |
| 14:32 | Build | House |
| 14:36 | Build | Farm |
| 14:38 | Build | Farm |
| 14:40 | Create | Villager (Male) |
| 14:53 | Build | Lumber Camp |
| 14:59 | Build | Lumber Camp |
| 15:00 | Create | Villager (Male) |
| 15:01 | Create | Villager (Male) |
| 15:31 | Create | Villager (Male) |
| 15:31 | Create | Villager (Male) |
| 15:50 | Build | Farm |
| 15:50 | Build | Farm |
| 15:51 | Build | Farm |
| 15:56 | Build | Farm |
| 15:57 | Build | Farm |
| 15:58 | Build | Farm |
| 15:59 | Build | Farm |
| 16:00 | Build | Farm |
| 16:02 | Create | Villager (Male) |
| 16:15 | Build | Farm |
| 16:31 | Create | Villager (Male) |
| 16:57 | Create | Scout Cavalry |
| 16:59 | Create | Scout Cavalry |
| 17:02 | Create | Villager (Male) |
| 17:02 | Create | Villager (Male) |
| 17:28 | Create | Villager (Male) |
| 17:28 | Create | Villager (Male) |
| 17:36 | Build | Blacksmith |
| 17:52 | Build | Market |
| 17:56 | Build | Lumber Camp |
| 17:57 | Create | Villager (Male) |
| 17:57 | Create | Villager (Male) |
| 17:57 | Create | Villager (Male) |
| 18:21 | Create | Scout Cavalry |
| 18:22 | Create | Scout Cavalry |
| 18:47 | Create | Scout Cavalry |
| 18:47 | Create | Scout Cavalry |
| 19:23 | Create | Scout Cavalry |
| 19:23 | Create | Scout Cavalry |
| 19:45 | Create | Villager (Male) |
| 19:45 | Create | Villager (Male) |
| 19:46 | Create | Villager (Male) |
| 19:46 | Create | Villager (Male) |
| 20:02 | Create | Villager (Male) |
| 20:12 | Build | Farm |
| 20:12 | Build | Farm |
| 20:13 | Build | Farm |
| 20:13 | Build | Farm |
| 20:13 | Build | Farm |
| 20:13 | Build | Farm |
| 20:13 | Build | Farm |
| 20:14 | Build | Farm |
| 20:18 | Build | Farm |
| 20:18 | Build | Farm |
| 20:18 | Build | Farm |
| 20:18 | Build | Farm |
| 20:19 | Build | Farm |
| 20:19 | Build | Farm |
| 20:19 | Build | Farm |
| 20:20 | Build | Farm |
| 20:25 | Build | Farm |
| 20:25 | Build | Farm |
| 20:25 | Build | Farm |
| 20:25 | Build | Farm |
| 20:25 | Build | Farm |
| 20:26 | Build | Farm |
| 20:26 | Build | Farm |
| 20:26 | Build | Farm |
| 20:27 | Create | Villager (Male) |
| 20:27 | Create | Villager (Male) |
| 21:12 | Create | Villager (Male) |
| 21:13 | Create | Villager (Male) |
| 21:17 | Research | Forging |
| 21:18 | Research | Scale Barding Armor |
| 21:22 | Create | Scout Cavalry |
| 21:34 | Create | Villager (Male) |
| 21:35 | Create | Villager (Male) |
| 21:35 | Create | Villager (Male) |
| 21:43 | Build | House |
| 21:46 | Build | House |
| 21:46 | Build | House |
| 21:46 | Build | House |
Build order — eljavism
First 150 of 610 actions detected
| 0:03 | Create | Villager (Male) ×4 |
| 0:06 | Build | House |
| 0:10 | Build | House |
| 2:03 | Create | Villager (Male) |
| 2:03 | Create | Villager (Male) |
| 2:35 | Create | Villager (Male) ×2 |
| 2:57 | Build | Lumber Camp |
| 3:55 | Create | Villager (Male) |
| 3:55 | Create | Villager (Male) |
| 3:55 | Create | Villager (Male) |
| 4:09 | Build | House |
| 4:48 | Create | Villager (Male) ×2 |
| 5:06 | Create | Villager (Male) |
| 5:07 | Create | Villager (Male) |
| 5:14 | Build | House |
| 6:03 | Create | Villager (Male) |
| 6:03 | Create | Villager (Male) |
| 6:33 | Build | Mill |
| 7:27 | Create | Villager (Male) |
| 7:28 | Create | Villager (Male) |
| 7:28 | Create | Villager (Male) |
| 8:09 | Research | Feudal Age |
| 8:15 | Build | Mining Camp |
| 9:04 | Build | House |
| 9:05 | Build | House |
| 9:30 | Create | Villager (Male) |
| 9:30 | Create | Villager (Male) |
| 9:50 | Build | House |
| 10:19 | Age | Feudal Age |
| 10:22 | Build | Market |
| 10:59 | Create | Villager (Male) |
| 11:07 | Build | Blacksmith |
| 11:25 | Create | Villager (Male) |
| 12:00 | Build | House |
| 12:29 | Build | Blacksmith |
| 13:11 | Research | Castle Age |
| 14:02 | Research | Loom |
| 14:06 | Research | Double-Bit Axe |
| 15:36 | Research | Gold Mining |
| 15:51 | Age | Castle Age |
| 15:56 | Build | Town Center |
| 16:04 | Build | Monastery |
| 16:18 | Create | Villager (Male) |
| 16:18 | Create | Villager (Male) |
| 16:19 | Create | Villager (Male) |
| 16:30 | Create | Monk |
| 17:23 | Create | Villager (Male) ×3 |
| 17:30 | Create | Monk |
| 17:49 | Create | Villager (Male) |
| 17:50 | Create | Villager (Male) |
| 17:50 | Create | Villager (Male) |
| 18:52 | Create | Villager (Male) |
| 18:52 | Create | Villager (Male) |
| 19:02 | Build | Farm |
| 19:04 | Build | Farm |
| 19:06 | Build | Farm |
| 19:10 | Build | Farm |
| 19:11 | Build | Farm |
| 19:13 | Build | Farm |
| 19:14 | Build | Farm |
| 19:47 | Research | Town Watch |
| 20:08 | Build | Farm |
| 20:25 | Build | Mining Camp |
| 20:27 | Create | Villager (Male) |
| 20:27 | Create | Villager (Male) |
| 20:27 | Create | Villager (Male) |
| 21:05 | Create | Villager (Male) |
| 21:05 | Create | Villager (Male) |
| 21:11 | Build | House |
| 21:12 | Build | House |
| 21:13 | Build | House |
| 21:20 | Research | Horse Collar |
| 22:03 | Research | Stone Mining |
| 22:04 | Research | Stone Mining |
| 22:09 | Build | Farm |
| 22:13 | Create | Villager (Male) |
| 22:53 | Build | Farm |
| 22:56 | Create | Villager (Male) |
| 22:56 | Create | Villager (Male) |
| 23:16 | Build | Castle |
| 23:22 | Create | Villager (Male) |
| 23:22 | Create | Villager (Male) |
| 23:43 | Build | Farm |
| 23:48 | Create | Villager (Male) |
| 23:48 | Create | Villager (Male) |
| 23:53 | Build | Farm |
| 24:06 | Build | Mining Camp |
| 24:16 | Build | Mining Camp |
| 24:36 | Build | Town Center |
| 25:00 | Research | Wheelbarrow |
| 25:07 | Build | Farm |
| 25:08 | Build | Farm |
| 25:37 | Build | Farm |
| 25:40 | Create | Villager (Male) |
| 25:40 | Create | Villager (Male) |
| 25:46 | Create | Villager (Male) ×3 |
| 25:47 | Create | Villager (Male) ×3 |
| 26:09 | Build | Outpost |
| 26:16 | Create | Villager (Male) |
| 26:16 | Create | Villager (Male) |
| 26:29 | Create | Villager (Male) |
| 26:29 | Create | Villager (Male) |
| 26:44 | Build | Outpost |
| 27:08 | Build | Castle |
| 27:26 | Research | Hand Cart |
| 28:41 | Build | Castle |
| 29:07 | Create | Villager (Male) ×5 |
| 29:24 | Create | Villager (Male) ×5 |
| 29:53 | Research | Imperial Age |
| 29:58 | Build | Farm |
| 30:08 | Build | Farm |
| 30:10 | Build | Farm |
| 30:11 | Build | Farm |
| 30:27 | Build | Town Center |
| 30:33 | Build | Farm |
| 30:35 | Research | Heavy Plow |
| 30:43 | Create | Villager (Male) |
| 30:44 | Create | Villager (Male) |
| 30:44 | Create | Villager (Male) |
| 30:44 | Create | Villager (Male) |
| 31:16 | Build | Farm |
| 31:28 | Research | Caravan |
| 31:36 | Create | Villager (Male) |
| 31:36 | Create | Villager (Male) |
| 31:36 | Create | Villager (Male) |
| 31:37 | Create | Villager (Male) |
| 31:42 | Build | Farm |
| 31:45 | Create | Villager (Male) |
| 31:45 | Create | Villager (Male) |
| 31:50 | Create | Monk |
| 32:07 | Research | Bow Saw |
| 32:11 | Build | Farm |
| 32:16 | Create | Villager (Male) |
| 32:16 | Create | Villager (Male) |
| 32:26 | Create | Trade Cart |
| 32:26 | Create | Trade Cart |
| 32:34 | Build | Farm |
| 32:38 | Create | Villager (Male) |
| 32:40 | Create | Villager (Male) |
| 32:40 | Create | Villager (Male) |
| 32:41 | Create | Villager (Male) |
| 32:41 | Create | Villager (Male) |
| 33:07 | Build | Siege Workshop |
| 33:16 | Create | Villager (Male) ×4 |
| 33:24 | Age | Imperial Age |
| 33:24 | Create | Villager (Male) |
| 33:25 | Create | Villager (Male) |
| 33:25 | Create | Villager (Male) |
| 33:32 | Create | Bombard Cannon |
| 33:32 | Create | Bombard Cannon |
Build order — BaCuRaL5167
First 150 of 1133 actions detected
| 0:03 | Create | Villager (Male) |
| 0:03 | Create | Villager (Male) |
| 0:03 | Create | Villager (Male) |
| 0:04 | Create | Villager (Male) |
| 0:04 | Create | Villager (Male) |
| 0:06 | Build | House |
| 0:08 | Build | House |
| 0:58 | Create | Villager (Male) |
| 0:58 | Create | Villager (Male) |
| 1:37 | Create | Villager (Male) |
| 1:38 | Create | Villager (Male) |
| 1:52 | Build | Lumber Camp |
| 2:15 | Create | Villager (Male) |
| 3:01 | Create | Villager (Male) |
| 3:02 | Create | Villager (Male) |
| 4:00 | Build | House |
| 4:08 | Create | Villager (Male) |
| 4:08 | Create | Villager (Male) |
| 4:38 | Create | Villager (Male) |
| 5:10 | Create | Villager (Male) |
| 5:11 | Create | Villager (Male) |
| 5:25 | Build | House |
| 5:26 | Build | House |
| 5:39 | Build | Mill |
| 5:52 | Create | Villager (Male) |
| 6:32 | Create | Villager (Male) |
| 6:32 | Create | Villager (Male) |
| 6:50 | Create | Villager (Male) |
| 7:26 | Build | Mining Camp |
| 7:46 | Create | Villager (Male) |
| 8:06 | Create | Villager (Male) |
| 8:06 | Create | Villager (Male) |
| 8:22 | Build | Lumber Camp |
| 8:57 | Research | Feudal Age |
| 9:42 | Research | Loom |
| 9:43 | Create | Villager (Male) |
| 9:44 | Create | Villager (Male) |
| 10:51 | Build | Farm |
| 10:52 | Build | Farm |
| 10:55 | Build | Farm |
| 10:57 | Build | Farm |
| 11:26 | Build | House |
| 11:27 | Build | House |
| 11:44 | Build | Market |
| 11:52 | Create | Villager (Male) |
| 12:05 | Build | Blacksmith |
| 12:22 | Build | Stone Wall |
| 12:31 | Build | Gate |
| 12:38 | Create | Villager (Male) |
| 12:46 | Build | Farm |
| 12:48 | Build | Farm |
| 12:54 | Build | Farm |
| 13:31 | Create | Villager (Male) |
| 13:38 | Build | Farm |
| 14:03 | Research | Castle Age |
| 14:09 | Build | Farm |
| 14:39 | Research | Double-Bit Axe |
| 15:55 | Create | Villager (Male) |
| 15:56 | Create | Villager (Male) |
| 16:38 | Build | Stone Wall |
| 16:40 | Build | Stone Wall |
| 17:03 | Build | Monastery |
| 17:27 | Create | Villager (Male) |
| 17:27 | Create | Villager (Male) |
| 17:27 | Create | Villager (Male) |
| 17:28 | Create | Villager (Male) |
| 17:28 | Create | Villager (Male) |
| 17:28 | Create | Villager (Male) |
| 17:37 | Build | Town Center |
| 17:47 | Build | Town Center |
| 17:52 | Create | Villager (Male) |
| 17:52 | Create | Villager (Male) |
| 18:09 | Build | Gate |
| 18:15 | Create | Monk |
| 18:58 | Create | Monk |
| 19:19 | Build | Barracks |
| 20:07 | Create | Monk |
| 20:22 | Research | Wheelbarrow |
| 20:22 | Create | Villager (Male) |
| 20:23 | Create | Villager (Male) |
| 20:23 | Create | Villager (Male) |
| 20:23 | Create | Villager (Male) |
| 20:23 | Create | Villager (Male) |
| 20:28 | Create | Villager (Male) |
| 20:29 | Create | Villager (Male) |
| 20:29 | Create | Villager (Male) |
| 20:29 | Create | Villager (Male) |
| 20:30 | Create | Villager (Male) |
| 20:54 | Build | Stable |
| 21:14 | Build | Stable |
| 21:36 | Create | Villager (Male) |
| 21:36 | Create | Villager (Male) |
| 21:36 | Create | Villager (Male) |
| 21:37 | Create | Villager (Male) |
| 21:37 | Create | Villager (Male) |
| 21:37 | Create | Villager (Male) |
| 21:38 | Create | Villager (Male) |
| 21:38 | Create | Villager (Male) |
| 21:38 | Create | Villager (Male) |
| 21:38 | Create | Villager (Male) |
| 21:38 | Create | Villager (Male) |
| 21:39 | Create | Villager (Male) |
| 21:39 | Create | Villager (Male) |
| 21:39 | Create | Villager (Male) |
| 21:39 | Create | Villager (Male) |
| 21:40 | Create | Villager (Male) |
| 21:40 | Create | Villager (Male) |
| 21:51 | Build | Lumber Camp |
| 22:04 | Build | Farm |
| 22:04 | Build | Farm |
| 22:05 | Build | Farm |
| 22:05 | Build | Farm |
| 22:05 | Build | Farm |
| 22:05 | Build | Farm |
| 22:15 | Build | House |
| 22:15 | Build | House |
| 22:16 | Build | House |
| 22:16 | Build | House |
| 22:17 | Build | House |
| 22:17 | Build | House |
| 22:17 | Build | House |
| 22:31 | Create | Knight |
| 22:31 | Create | Knight |
| 22:31 | Create | Knight |
| 22:43 | Build | Siege Workshop |
| 22:51 | Create | Knight |
| 22:51 | Create | Knight |
| 22:51 | Create | Knight |
| 23:28 | Create | Knight |
| 23:29 | Create | Knight |
| 24:01 | Research | Husbandry |
| 24:02 | Create | Knight |
| 24:02 | Create | Knight |
| 24:07 | Create | Villager (Male) |
| 24:08 | Create | Villager (Male) |
| 24:08 | Create | Villager (Male) |
| 24:08 | Create | Villager (Male) |
| 24:08 | Create | Villager (Male) |
| 24:09 | Create | Villager (Male) |
| 24:09 | Create | Villager (Male) |
| 24:20 | Build | House |
| 24:21 | Build | House |
| 24:21 | Build | House |
| 24:22 | Build | House |
| 24:22 | Build | House |
| 24:22 | Build | House |
| 24:22 | Build | House |
| 24:23 | Build | House |
| 24:23 | Build | House |
| 24:23 | Build | House |
Build order — Forest_Gump
First 150 of 1237 actions detected
| 0:07 | Create | Villager (Male) |
| 0:07 | Create | Villager (Male) |
| 0:07 | Create | Villager (Male) |
| 0:07 | Create | Villager (Male) |
| 0:16 | Build | House |
| 0:17 | Build | House |
| 0:26 | Build | House |
| 2:09 | Build | Lumber Camp |
| 2:19 | Create | Villager (Male) |
| 2:20 | Create | Villager (Male) |
| 3:23 | Create | Villager (Male) |
| 3:23 | Create | Villager (Male) |
| 3:23 | Create | Villager (Male) |
| 3:24 | Create | Villager (Male) |
| 3:37 | Create | Villager (Male) |
| 3:37 | Create | Villager (Male) |
| 4:08 | Create | Villager (Male) |
| 4:08 | Create | Villager (Male) |
| 4:19 | Build | House |
| 5:05 | Create | Villager (Male) |
| 5:06 | Create | Villager (Male) |
| 5:06 | Create | Villager (Male) |
| 5:31 | Build | Mill |
| 6:03 | Create | Villager (Male) |
| 6:53 | Create | Villager (Male) |
| 6:54 | Create | Villager (Male) |
| 7:05 | Build | House |
| 7:08 | Build | House |
| 7:15 | Create | Villager (Male) |
| 7:16 | Create | Villager (Male) |
| 7:37 | Create | Villager (Male) |
| 7:38 | Create | Villager (Male) |
| 8:15 | Create | Villager (Male) |
| 8:43 | Build | Mining Camp |
| 9:46 | Create | Villager (Male) |
| 10:20 | Research | Feudal Age |
| 11:33 | Build | House |
| 11:35 | Build | House |
| 12:31 | Age | Feudal Age |
| 12:38 | Build | Market |
| 12:51 | Build | Blacksmith |
| 13:04 | Create | Villager (Male) |
| 13:39 | Build | Mining Camp |
| 13:48 | Build | Lumber Camp |
| 13:56 | Research | Castle Age |
| 14:50 | Research | Double-Bit Axe |
| 14:52 | Research | Stone Mining |
| 16:31 | Build | Farm |
| 16:32 | Build | Farm |
| 16:32 | Build | Farm |
| 16:32 | Build | Farm |
| 16:33 | Build | Farm |
| 16:34 | Build | Farm |
| 16:35 | Build | Farm |
| 16:36 | Build | Farm |
| 16:36 | Age | Castle Age |
| 16:47 | Build | Town Center |
| 17:23 | Build | Stone Wall |
| 17:28 | Build | Gate |
| 17:30 | Build | Gate |
| 18:14 | Build | Town Center |
| 18:45 | Research | Loom |
| 18:47 | Create | Villager (Male) |
| 18:47 | Create | Villager (Male) |
| 18:47 | Create | Villager (Male) |
| 18:48 | Create | Villager (Male) |
| 18:48 | Create | Villager (Male) |
| 19:52 | Create | Villager (Male) |
| 19:52 | Create | Villager (Male) |
| 19:53 | Create | Villager (Male) |
| 19:55 | Build | Farm |
| 19:55 | Build | Farm |
| 19:55 | Build | Farm |
| 19:56 | Build | Farm |
| 19:56 | Build | Farm |
| 21:37 | Create | Villager (Male) |
| 21:37 | Create | Villager (Male) |
| 21:38 | Create | Villager (Male) |
| 21:38 | Create | Villager (Male) |
| 21:38 | Create | Villager (Male) |
| 21:38 | Create | Villager (Male) |
| 21:47 | Build | Town Center |
| 21:50 | Create | Villager (Male) |
| 21:50 | Create | Villager (Male) |
| 21:50 | Create | Villager (Male) |
| 22:10 | Create | Villager (Male) |
| 22:10 | Create | Villager (Male) |
| 22:51 | Create | Villager (Male) |
| 22:52 | Create | Villager (Male) |
| 22:52 | Create | Villager (Male) |
| 22:52 | Create | Villager (Male) |
| 23:08 | Create | Villager (Male) |
| 23:09 | Create | Villager (Male) |
| 23:16 | Build | Farm |
| 23:16 | Build | Farm |
| 23:16 | Build | Farm |
| 23:16 | Build | Farm |
| 23:17 | Build | Farm |
| 23:17 | Build | Farm |
| 23:17 | Build | Farm |
| 23:24 | Create | Villager (Male) |
| 23:25 | Create | Villager (Male) |
| 23:28 | Create | Villager (Male) |
| 23:28 | Create | Villager (Male) |
| 23:29 | Create | Villager (Male) |
| 23:29 | Create | Villager (Male) |
| 24:08 | Build | Farm |
| 24:08 | Build | Farm |
| 24:09 | Build | Farm |
| 24:09 | Build | Farm |
| 24:09 | Build | Farm |
| 24:10 | Build | Farm |
| 24:10 | Build | Farm |
| 24:10 | Build | Farm |
| 24:10 | Build | Farm |
| 24:11 | Build | Farm |
| 24:13 | Create | Villager (Male) |
| 24:14 | Create | Villager (Male) |
| 24:14 | Create | Villager (Male) |
| 24:14 | Create | Villager (Male) |
| 24:14 | Create | Villager (Male) |
| 24:26 | Build | Mining Camp |
| 25:11 | Create | Villager (Male) |
| 25:17 | Create | Villager (Male) |
| 25:17 | Create | Villager (Male) |
| 25:18 | Create | Villager (Male) |
| 25:25 | Build | Lumber Camp |
| 25:30 | Create | Villager (Male) |
| 25:30 | Create | Villager (Male) |
| 25:31 | Create | Villager (Male) |
| 25:31 | Create | Villager (Male) |
| 25:31 | Create | Villager (Male) |
| 25:38 | Build | House |
| 25:40 | Build | House |
| 25:42 | Build | House |
| 25:44 | Build | House |
| 26:04 | Create | Villager (Male) |
| 26:04 | Create | Villager (Male) |
| 26:05 | Create | Villager (Male) |
| 26:05 | Create | Villager (Male) |
| 26:05 | Create | Villager (Male) |
| 26:06 | Create | Villager (Male) |
| 26:06 | Create | Villager (Male) |
| 26:31 | Build | Mining Camp |
| 26:33 | Create | Villager (Male) |
| 26:34 | Create | Villager (Male) |
| 26:34 | Create | Villager (Male) |
| 26:38 | Create | Villager (Male) |
| 26:38 | Create | Villager (Male) |
| 26:38 | Create | Villager (Male) |
Build order — Matt
First 150 of 702 actions detected
| 0:03 | Create | Villager (Male) |
| 0:03 | Create | Villager (Male) |
| 0:07 | Build | House |
| 0:12 | Build | House |
| 0:51 | Create | Villager (Male) |
| 0:51 | Create | Villager (Male) |
| 1:30 | Create | Villager (Male) |
| 2:05 | Create | Villager (Male) |
| 2:15 | Build | Lumber Camp |
| 2:33 | Create | Villager (Male) |
| 2:59 | Create | Villager (Male) |
| 3:11 | Create | Villager (Male) |
| 3:35 | Build | House |
| 3:41 | Create | Villager (Male) |
| 3:55 | Create | Villager (Male) |
| 4:02 | Build | Mill |
| 4:12 | Research | Loom |
| 5:02 | Create | Villager (Male) |
| 5:28 | Create | Villager (Male) |
| 5:29 | Create | Villager (Male) |
| 5:30 | Create | Villager (Male) |
| 5:51 | Create | Villager (Male) |
| 6:15 | Build | Farm |
| 6:29 | Build | House |
| 6:38 | Create | Villager (Male) |
| 7:20 | Create | Villager (Male) |
| 7:20 | Create | Villager (Male) |
| 7:21 | Create | Villager (Male) |
| 7:29 | Build | Farm |
| 7:55 | Create | Villager (Male) |
| 8:11 | Build | Farm |
| 8:34 | Build | House |
| 8:39 | Build | Mining Camp |
| 8:50 | Create | Villager (Male) |
| 8:50 | Create | Villager (Male) |
| 9:53 | Research | Feudal Age |
| 10:39 | Create | Villager (Male) |
| 10:39 | Create | Villager (Male) |
| 12:14 | Age | Feudal Age |
| 12:30 | Build | Blacksmith |
| 13:05 | Build | Market |
| 13:15 | Build | House |
| 13:35 | Build | Farm |
| 13:58 | Research | Castle Age |
| 14:42 | Build | Lumber Camp |
| 14:54 | Research | Double-Bit Axe |
| 15:25 | Research | Horse Collar |
| 15:43 | Research | Stone Mining |
| 15:44 | Research | Gold Mining |
| 16:38 | Age | Castle Age |
| 16:49 | Build | Town Center |
| 16:53 | Research | Bow Saw |
| 16:53 | Research | Bow Saw |
| 16:59 | Create | Villager (Male) |
| 16:59 | Create | Villager (Male) |
| 17:14 | Research | Heavy Plow |
| 17:39 | Create | Villager (Male) |
| 17:48 | Create | Villager (Male) |
| 17:48 | Create | Villager (Male) |
| 18:30 | Build | Town Center |
| 18:34 | Create | Villager (Male) |
| 18:35 | Create | Villager (Male) |
| 18:47 | Create | Villager (Male) |
| 18:47 | Create | Villager (Male) |
| 19:26 | Create | Villager (Male) |
| 19:37 | Build | House |
| 19:39 | Build | House |
| 19:40 | Build | House |
| 19:45 | Create | Villager (Male) |
| 19:46 | Create | Villager (Male) |
| 20:07 | Build | Monastery |
| 20:14 | Create | Villager (Male) |
| 20:19 | Create | Villager (Male) |
| 20:40 | Build | Farm |
| 20:41 | Build | Farm |
| 20:43 | Build | Farm |
| 20:44 | Build | Farm |
| 20:45 | Build | Farm |
| 20:47 | Build | Farm |
| 20:48 | Build | Farm |
| 20:51 | Build | Farm |
| 20:58 | Create | Villager (Male) |
| 21:09 | Build | House |
| 21:11 | Build | House |
| 21:20 | Build | University |
| 21:41 | Build | Barracks |
| 21:46 | Create | Villager (Male) |
| 21:48 | Create | Villager (Male) |
| 22:02 | Build | Farm |
| 22:03 | Build | Farm |
| 22:12 | Build | House |
| 22:14 | Build | House |
| 22:19 | Create | Villager (Male) |
| 22:20 | Create | Villager (Male) |
| 22:34 | Build | Farm |
| 22:37 | Build | Farm |
| 22:39 | Build | Farm |
| 22:40 | Build | Farm |
| 22:42 | Build | Farm |
| 22:44 | Build | Farm |
| 22:46 | Build | Farm |
| 23:02 | Build | Barracks |
| 23:14 | Build | Market |
| 23:22 | Build | House |
| 23:23 | Build | House |
| 23:25 | Build | House |
| 23:27 | Build | House |
| 23:32 | Research | Murder Holes |
| 23:37 | Create | Villager (Male) |
| 23:38 | Create | Villager (Male) |
| 23:39 | Create | Villager (Male) |
| 24:10 | Create | Villager (Male) |
| 24:11 | Create | Villager (Male) |
| 24:12 | Create | Villager (Male) |
| 24:14 | Create | Villager (Male) |
| 24:29 | Build | Farm |
| 24:31 | Build | Farm |
| 24:32 | Build | Farm |
| 24:42 | Create | Villager (Male) |
| 24:44 | Create | Villager (Male) |
| 24:45 | Create | Villager (Male) |
| 24:53 | Research | Stone Shaft Mining |
| 25:02 | Create | Villager (Male) |
| 25:11 | Create | Villager (Male) |
| 25:27 | Build | Lumber Camp |
| 25:44 | Build | Siege Workshop |
| 25:48 | Research | Wheelbarrow |
| 25:50 | Create | Villager (Male) |
| 25:51 | Create | Villager (Male) |
| 26:09 | Build | Stable |
| 26:16 | Create | Villager (Male) |
| 26:17 | Create | Villager (Male) |
| 26:18 | Create | Villager (Male) |
| 26:20 | Create | Villager (Male) |
| 26:31 | Build | House |
| 26:34 | Build | House |
| 26:35 | Build | House |
| 26:37 | Build | House |
| 26:48 | Build | House |
| 26:56 | Create | Villager (Male) |
| 26:57 | Create | Villager (Male) |
| 26:58 | Create | Villager (Male) |
| 27:04 | Research | Gold Shaft Mining |
| 27:28 | Build | Stable |
| 27:35 | Create | Monk |
| 27:36 | Create | Monk |
| 27:36 | Create | Monk |
| 27:50 | Create | Spearman |
| 27:51 | Create | Spearman |
| 27:51 | Create | Spearman |
Match timeline
| 10:11 | Chrisfer · age_up feudal |
| 10:15 | Chrisfer · first_building Stable |
| 10:17 | WWOLOLO · age_up feudal |
| 10:19 | eljavism · age_up feudal |
| 11:59 | WWOLOLO · first_market_sell 100 wood |
| 11:59 | WWOLOLO · first_market_buy 100 food |
| 12:14 | Matt · age_up feudal |
| 12:22 | BaCuRaL5167 · wall_segment Stone Wall x20 |
| 12:31 | Forest_Gump · age_up feudal |
| 12:48 | eljavism · first_market_sell 100 wood |
| 12:50 | eljavism · first_market_buy 100 food |
| 13:26 | mcaulfield · age_up feudal |
| 13:59 | BaCuRaL5167 · first_market_sell 100 wood |
| 14:52 | WWOLOLO · age_up castle |
| 14:58 | mcaulfield · first_building Barracks |
| 15:49 | WWOLOLO · first_building Monastery |
| 15:51 | eljavism · age_up castle |
| 16:04 | eljavism · first_building Monastery |
| 16:34 | Bob Fett · age_up feudal |
| 16:36 | Forest_Gump · age_up castle |
| 16:38 | BaCuRaL5167 · wall_segment Stone Wall x13 |
| 16:38 | Matt · age_up castle |
| 16:40 | BaCuRaL5167 · wall_segment Stone Wall x7 |
| 17:03 | BaCuRaL5167 · first_building Monastery |
| 17:05 | Bob Fett · first_building Barracks |
| 17:23 | Forest_Gump · wall_segment Stone Wall x21 |
| 18:05 | Forest_Gump · first_market_buy 100 food |
| 18:13 | WWOLOLO · wall_segment Palisade Wall x1 |
| 19:17 | mcaulfield · first_building Archery Range |
| 19:19 | mcaulfield · first_building Stable |
| 19:19 | BaCuRaL5167 · first_building Barracks |
| 19:56 | Bob Fett · first_building Stable |
| 20:07 | Matt · first_building Monastery |
| 20:44 | Bob Fett · first_building Archery Range |
| 20:54 | BaCuRaL5167 · first_building Stable |
| 21:41 | Matt · first_building Barracks |
| 22:43 | BaCuRaL5167 · first_building Siege Workshop |
| 23:16 | eljavism · first_building Castle |
| 23:18 | mcaulfield · age_up castle |
| 23:39 | Bob Fett · age_up castle |
| 24:19 | mcaulfield · first_building Siege Workshop |
| 24:50 | WWOLOLO · first_building Siege Workshop |
| 25:21 | Chrisfer · age_up castle |
| 25:44 | Matt · first_building Siege Workshop |
| 26:09 | Matt · first_building Stable |
| 27:09 | Forest_Gump · wall_segment Stone Wall x25 |
| 27:15 | Forest_Gump · wall_segment Stone Wall x11 |
| 27:17 | Forest_Gump · wall_segment Stone Wall x7 |
| 27:30 | WWOLOLO · first_building Barracks |
| 29:06 | Forest_Gump · first_building Barracks |
| 29:39 | Matt · first_building Castle |
| 29:43 | BaCuRaL5167 · first_building Castle |
| 29:54 | Bob Fett · first_building Monastery |
| 30:02 | Chrisfer · first_market_sell 100 wood |
| 32:06 | Forest_Gump · first_building Castle |
| 32:31 | Chrisfer · first_building Siege Workshop |
| 33:07 | eljavism · first_building Siege Workshop |
| 33:24 | eljavism · age_up imperial |
| 33:46 | mcaulfield · first_building Castle |
| 33:47 | WWOLOLO · age_up imperial |
| 34:20 | WWOLOLO · first_building Castle |
| 34:47 | Forest_Gump · first_building Siege Workshop |
| 36:01 | Forest_Gump · first_building Stable |
| 36:25 | Chrisfer · age_up imperial |
| 38:01 | Forest_Gump · age_up imperial |
| 38:32 | Matt · first_building Archery Range |
| 38:43 | Matt · age_up imperial |
| 39:05 | Bob Fett · first_building Castle |
| 39:09 | eljavism · first_building Barracks |
| 39:35 | eljavism · first_building Stable |
| 39:46 | BaCuRaL5167 · first_building Archery Range |
| 40:50 | Bob Fett · first_building Siege Workshop |
| 42:35 | Bob Fett · age_up imperial |
| 44:12 | mcaulfield · age_up imperial |
| 48:35 | Chrisfer · first_building Castle |
| 50:50 | Forest_Gump · first_market_sell 100 food |
| 57:50 | eljavism · first_building Archery Range |
| 73:12 | Forest_Gump · tribute_sent a jugador 1 |
| 73:12 | Forest_Gump · tribute_sent a jugador 2 |
| 73:12 | Forest_Gump · tribute_sent a jugador 3 |
| 73:12 | Forest_Gump · tribute_sent a jugador 4 |
| 73:12 | Forest_Gump · tribute_sent a jugador 5 |
| 73:12 | Forest_Gump · tribute_sent a jugador 6 |
| 73:12 | Forest_Gump · tribute_sent a jugador 8 |
| 86:35 | eljavism · resign |
| 88:09 | Chrisfer · first_market_buy 100 food |
| 97:15 | WWOLOLO · first_building Archery Range |
[ AI ANALYSIS · 1 CREDIT ]
What really happened in this match?
Wolo.gg analyzes every decision: build order, eco, micro, common mistakes by bracket. Personalized analysis on WhatsApp or Discord in 30 seconds.
Civ guide
Dravidians
Map guide
Amazon Tunnel
Perfil
Jugador #9734749